 Dungeon Crawl Stone Soup version 0.20-a0-839-gdaf5c57 (webtiles) character file.

265 kidcy the Firebug (level 6, -4/41 HPs)
             Began as a Barachian Fire Elementalist on Mar 8, 2017.
             Killed from afar by Edmund (11 damage)
             ... with a wand of flame (?/48)
             ... on level 4 of the Dungeon.
             The game lasted 00:14:15 (4888 turns).

kidcy the Firebug (Barachian Fire Elementalist)     Turns: 4888, Time: 00:14:16

Health: -4/41      AC:  3    Str: 10    XL:     6   Next: 20%
Magic:  1/12       EV: 11    Int: 17    God:
Gold:   206        SH:  0    Dex: 12    Spells: 3/13 levels left

rFire    . . .     SeeInvis .   d - +2 dagger (pain)
rCold    . . .     Gourm    .   a - +0 robe
rNeg     . . .     Faith    .   (no shield)
rPois    .         Spirit   .   r - +0 helmet
rElec    .         Reflect  .   (no cloak)
rCorr    .         Harm     .   (no gloves)
MR       .....                  (no boots)
Stlth    +.........             (no amulet)
Regen    0.2/turn               (no ring)
MPRegen  0.2/turn               (no ring)

@: can't hop, heavily drained, slow
A: +LOS, swims, slowness 1, strong legs 1
a: Hop


You were on level 4 of the Dungeon.
You were hungry.

You visited 1 branch of the dungeon, and saw 4 of its levels.

You collected 206 gold pieces.

Inventory:

Hand Weapons
 d - a +2 dagger of pain (weapon)
Armour
 a - a +0 robe (worn)
 r - a +0 helmet (worn)
Scrolls
 f - a scroll of remove curse
 g - a scroll of recharging
 i - a scroll of amnesia
 o - 3 scrolls of magic mapping
 s - a scroll of enchant weapon
Potions
 n - a potion of mutation
 q - a potion of lignification
 u - a potion of flight
Books
 b - a book of Flames

   Spells                             Type                      Level
   a - Flame Tongue                   Conjuration/Fire             1
   b - Throw Flame                    Conjuration/Fire             2
   c - Conjure Flame                  Conjuration/Fire             3
   d - Inner Flame                    Hexes/Fire                   3
   e - Sticky Flame                   Conjuration/Fire             4
   f - Fireball                       Conjuration/Fire             5
Comestibles
 c - a bread ration
 k - a royal jelly
 l - 2 meat rations


   Skills:
 - Level 2.1(0.8) Dodging
 - Level 1.7(0.3) Stealth
 + Level 4.1(2.6) Spellcasting
 * Level 3.6(2.1) Conjurations
 + Level 5.0(3.5) Fire Magic


You had 3 spell levels left.
You knew the following spells:

 Your Spells              Type           Power        Failure   Level  Hunger
a - Flame Tongue          Conj/Fire      ##...        6%          1    #......
b - Throw Flame           Conj/Fire      ##....       10%         2    ##.....
c - Conjure Flame         Conj/Fire      ##......     17%         3    ###....
d - Sticky Flame          Conj/Fire      ##......     58%         4    #####..


Dungeon Overview and Level Annotations

Branches:
Dungeon (4/15)
 Temple: D:4-7

Altars:
Cheibriados

Annotations:
D:3 George's ghost, amateur MiFi
D:4 Edmund


Innate Abilities, Weirdness & Mutations

Shadows flee at your approach. (+LOS)
You can swim through water.
You cover ground slowly.
You can hop short distances.


Message History

The flame tongue hits the orc wizard.
The orc wizard is almost dead.
The orc wizard closely misses you.
Casting: Flame Tongue
Confirm with . or Enter, or press ? or * to list all spells.
Aiming: Flame Tongue
Press: ? - help, Shift-Dir - straight line, f/p - orc wizard
Aim: an orc wizard, wielding a dagger and wearing a robe (almost dead, fast)
The flame tongue hits the orc wizard.
You kill the orc wizard!
Edmund zaps a wand.
The puff of flame hits you!
* * * LOW HITPOINT WARNING * * *
It is a wand of flame (?/48).
Edmund zaps a wand.
The puff of flame misses you.
Okay, then.
Okay, then.
You are feeling hungry.
Edmund says, "I might not be good at magic, but I can still kill you!"
Edmund zaps a wand.
The puff of flame hits you!
You die...

#....... #.......
#.......
###############)......
#.....@...)...."<.....
##.@###########.......
##..# #.......
###.#### ########
#...@..# #.(....# ..
#......# .. #......#
.. #......#####. ..
#............. ..
#......####### ##.
#........... ..(
###.#######. . #.


You could see Edmund.

Vanquished Creatures
  Blork the orc (D:4)
  An orc wizard (D:4)
  Natasha (D:4)
  Robin (D:3)
  An adder (D:3)
  A gnoll (D:1)
  An ooze (D:2)
  2 worms
  2 dart slugs
  3 leopard geckos
  9 orcs
  2 ball pythons (D:2)
  A giant cockroach (D:4)
  12 hobgoblins
  6 jackals
  7 bats
  2 frilled lizards (D:3)
  19 goblins
  9 kobolds
  A leopard gecko skeleton (D:4)
  10 rats
92 creatures vanquished.

Notes
Turn   | Place    | Note
-------+----------+-------------------------------------------
     0 | D:1      | kidcy the Barachian Fire Elementalist began the quest for the Orb.
     0 | D:1      | Reached XP level 1. HP: 13/13 MP: 3/3
   335 | D:1      | Reached XP level 2. HP: 14/19 MP: 0/5
   589 | D:1      | Learned a level 2 spell: Throw Flame
   612 | D:1      | Reached XP level 3. HP: 24/24 MP: 2/6
   617 | D:1      | Learned a level 3 spell: Conjure Flame
   913 | D:1      | Reached skill level 4 in Fire Magic
  1882 | D:2      | Found a snail-covered altar of Cheibriados.
  1900 | D:2      | Reached XP level 4. HP: 30/30 MP: 2/8
  2380 | D:3      | Noticed George's ghost (amateur MiFi)
  2509 | D:3      | Noticed Robin
  2832 | D:3      | Killed Robin
  3278 | D:3      | Reached XP level 5. HP: 35/35 MP: 5/10
  4106 | D:4      | Noticed Blork the orc
  4116 | D:4      | Killed Blork the orc
  4438 | D:4      | Noticed Natasha
  4451 | D:4      | Killed Natasha
  4547 | D:4      | Reached XP level 6. HP: 41/41 MP: 0/11
  4641 | D:4      | Learned a level 4 spell: Sticky Flame
  4713 | D:4      | Reached skill level 5 in Fire Magic
  4843 | D:4      | Noticed Edmund
  4888 | D:4      | Killed from afar by Edmund

Vault maps used:
D:1:      saegor_arrival_miasma
D:2:      cheibriados_altar_1
D:3:      uniq_robin
D:4:      nicolae_overflow_hidden_temple, makhleb_grotto_becter, first_bread,
          nicolae_tso_swordbearing_angel, uniq_blork_the_orc, uniq_sigmund,
          uniq_edmund, uniq_natasha

Skill      XL: |  1  2  3  4  5  6 |
---------------+-------------------+-----
Fire Magic     | 4 5 |  5.0
Conjurations   | 2 3 |  3.6
Spellcasting   | 3 4 |  4.1
Dodging        | |  2.1
Stealth        | |  1.7

Action                   |  1- 3 |  4- 6 || total
-------------------------+-------+-------++-------
Melee: Dagger            |    37 |    18 ||    55
       Unarmed           |    10 |       ||    10
 Cast: Flame Tongue      |    47 |    69 ||   116
       Throw Flame       |    16 |    53 ||    69
       Conjure Flame     |       |     5 ||     5
 Abil: Hop               |       |    10 ||    10
  Use: Potion            |       |     2 ||     2
       Scroll            |       |    11 ||    11
 Stab: Sleeping          |       |     1 ||     1
  Eat: Chunk             |     5 |     4 ||     9
       Bread ration      |       |     2 ||     2
Armor: Robe              |    42 |     7 ||    49
Dodge: Dodged            |    82 |    29 ||   111
